 Dungeon Crawl Stone Soup version 0.17-a0-1838-g891d947 (webtiles) character file.

555 ololoev the Conjurer (level 7, 50/50 HPs)
             Began as a Yellow Draconian Conjurer on Sept 15, 2015.
             Was an Initiate of Vehumet.
             Quit the game on level 4 of the Dungeon.
             The game lasted 00:06:29 (3170 turns).

ololoev the Conjurer (Yellow Draconian Conjurer)    Turns: 3170, Time: 00:06:29

Health: 50/50      AC: 11    Str: 10    XL:     7   Next: 8%
Magic:  4/13       EV: 12    Int: 18    God:    Vehumet [......]
Gold:   151        SH:  0    Dex: 11    Spells: 2 memorised, 11 levels left

rFire  . . .     SeeInvis .     c - +1 mace (protect)
rCold  . . .     Clarity  .     (armour unavailable)
rNeg   . . .     SustAt   .     (no shield)
rPois  .         Gourm    .     (helmet restricted)
rElec  .         Spirit   .     (no cloak)
rCorr  +         Warding  .     (no gloves)
rMut   .         Stasis   .     (no boots)
MR     .....                    (no amulet)
Stlth  ++........               (no ring)
                                (no ring)

@: short of breath, not resistant to hostile enchantments, unstealthy
A: spit acid, acid resistance, unfitting armour, cold-blooded, AC +6
a: Spit Acid, Renounce Religion


Innate Abilities, Weirdness & Mutations

You can spit globs of acid.
You are resistant to acid.
Your golden yellow scales are hard (AC +6).
Your body does not fit into most forms of armour.
You are cold-blooded and may be slowed by cold attacks.

Inventory:

Hand weapons
 c - a +1 mace of protection (weapon)
Scrolls
 e - 3 scrolls of remove curse {unknown}
 f - a scroll of immolation {unknown}
 g - a scroll of blinking {unknown}
 h - 3 scrolls of identify {unknown}
 j - a scroll of enchant armour {unknown}
 k - a scroll of fear {unknown}
Potions
 d - a potion of lignification {unknown}
Books
 a - a book of Conjurations

   Spells                             Type                      Level
   a - Magic Dart                     Conjuration                  1
   b - Searing Ray                    Conjuration                  2
   c - Dazzling Spray                 Conjuration/Hexes            3
   d - Fulminant Prism                Conjuration/Hexes            4
   e - Iskenderun's Mystic Blast      Conjuration                  4
   f - Iskenderun's Battlesphere      Conjuration/Charms           5
Comestibles
 b - 4 bread rations
 i - 2 beef jerkies
 l - a chunk of flesh


   Skills:
 - Level 1.7 Dodging
 - Level 1.7 Stealth
 + Level 4.2 Spellcasting
 * Level 7.5 Conjurations


You had 11 spell levels left.
You knew the following spells:

 Your Spells              Type           Power        Failure   Level  Hunger
a - Magic Dart            Conj           ####         1%          1    None
b - Searing Ray           Conj           ####..       1%          2    ##.....


You were on level 4 of the Dungeon.
You worshipped Vehumet.
Vehumet was noncommittal.
You were not hungry.

You visited 1 branch of the dungeon, and saw 4 of its levels.

You collected 151 gold pieces.

#.# #... .. #.# #..##
.## #.# #... .. #.###
#..###.## #...# #..
.... ###.# #.###.## #.#
#.##...####..
####.####.#..........
#........@.....####..
#.##.######.#.## #.##.#
#.#.# #.##.# #.#.#
#.##.# #.#>#
#.##.######.#.#
#.#....[....#.######.#
#.#..#####...........#
##..#........#.........

Notes
Turn   | Place    | Note
--------------------------------------------------------------
     0 | D:1      | ololoev the Draconian Conjurer began the quest for the Orb.
     0 | D:1      | Reached XP level 1. HP: 14/14 MP: 3/3
   543 | D:1      | Reached XP level 2. HP: 18/20 MP: 5/5
   549 | D:1      | Learned a level 2 spell: Searing Ray
   822 | D:1      | Reached XP level 3. HP: 23/26 MP: 6/6
  1120 | D:2      | Reached skill level 5 in Conjurations
  1464 | D:2      | Reached XP level 4. HP: 33/33 MP: 8/8
  1716 | D:3      | Noticed a centaur
  1730 | D:3      | Killed a centaur
  1730 | D:3      | Reached XP level 5. HP: 34/38 MP: 0/9
  1903 | D:3      | Reached skill level 6 in Conjurations
  1912 | D:3      | Found a stormy altar of Qazlal.
  2083 | D:3      | Found a radiant altar of Vehumet.
  2089 | D:3      | Became a worshipper of Vehumet
  2590 | D:4      | Noticed a water moccasin
  2594 | D:4      | Killed a water moccasin
  2594 | D:4      | Reached XP level 6. HP: 45/45 MP: 6/11
  2650 | D:4      | Noticed a phantom
  2690 | D:4      | Killed a phantom
  2690 | D:4      | Reached skill level 7 in Conjurations
  2948 | D:4      | Found a glowing golden altar of the Shining One.
  2965 | D:4      | Found an opulent altar of Gozag.
  2982 | D:4      | Found a burning altar of Makhleb.
  2984 | D:4      | Noticed a blizzard demon
  3163 | D:4      | Your scales start taking on a golden yellow colour.
  3163 | D:4      | Reached XP level 7. HP: 50/50 MP: 7/13
  3170 | D:4      | Quit the game

Dungeon Overview and Level Annotations

Branches:
Dungeon (4/15)
 Temple: D:4-7

Altars:
Gozag
Makhleb
Qazlal
Vehumet
The Shining One


Message History

Press: ? - help, Shift-Dir - straight line, f/p - iguana
Aim: an iguana (moderately wounded)
The magic dart hits the iguana.
The iguana is moderately wounded.
Casting: Magic Dart
Confirm with . or Enter, or press ? or * to list all spells.
Aiming: Magic Dart
Press: ? - help, Shift-Dir - straight line, f/p - iguana
Aim: an iguana (moderately wounded)
The magic dart hits the iguana.
The iguana is severely wounded.
A worker ant comes into view.
Casting: Magic Dart
Confirm with . or Enter, or press ? or * to list all spells.
Aiming: Searing Ray
Press: ? - help, Shift-Dir - straight line, f/p - iguana
Aim: an iguana (severely wounded)
The searing ray hits the iguana.
You kill the iguana!
Vehumet accepts your kill.
You have reached level 7!
Your scales start taking on a golden yellow colour.
The worker ant twitches its antennae in your direction.
Use which ability?
Press: ? - help, Shift-Dir - straight line, f - worker ant
Aim: a worker ant You spit a glob of acid.
The acid hits the worker ant.
The worker ant is heavily wounded.
You feel somewhat more hungry.
Casting: Searing Ray
Confirm with . or Enter, or press ? or * to list all spells.
Aiming: Searing Ray
Press: ? - help, Shift-Dir - straight line, f/p - worker ant
Aim: a worker ant (heavily wounded)
The searing ray hits the worker ant.
The worker ant is heavily wounded.
The searing ray hits the worker ant.
You kill the worker ant!
Vehumet accepts your kill.
Are you sure you want to abandon this character and quit the game? (Confirm with "yes".)

There were no monsters in sight!

Vanquished Creatures
  A water moccasin (D:4)
  A phantom (D:4)
  A centaur (D:3)
  2 iguanas (D:4)
  An orc priest (D:3)
  An orc wizard (D:3)
  A worker ant (D:4)
  3 adders (D:2)
  4 gnolls
  3 oozes
  2 worms
  4 giant geckos
  4 orcs (D:3)
  5 giant cockroaches
  3 goblins
  5 hobgoblins
  3 kobolds
  3 quokkas
  5 bats
  5 giant newts
  7 rats
64 creatures vanquished.

Action                   |  1- 3 |  4- 6 |  7- 9 || total
-------------------------+-------+-------+-------++-------
Melee: Mace              |    87 |    76 |       ||   163
       Unarmed           |     3 |       |       ||     3
 Cast: Magic Dart        |     9 |    18 |       ||    27
       Searing Ray       |     3 |    13 |     2 ||    18
 Abil: Spit Acid         |       |       |     1 ||     1
 Stab: Sleeping          |     1 |     4 |       ||     5
  Eat: Chunk             |     2 |     6 |       ||     8

Vault maps used:
D:1:      denvon_arrival_waterhouse, minivault_14, roderic_serpentine_path,
          minivault_19
D:3:      grunt_qazlal_clouds, fiery_altar_vehumet, first_bread
D:4:      makhleb_altar_promises_db, grunt_gozag_statues, tso_metal_star,
          lemuel_crystal_altar, uniq_grinder
